 Dungeon Crawl Stone Soup version 0.27-a0-553-ge0ab5a2769 (webtiles) character file.

Game seed: 11667634113305821883

297 Gaff the Stinger (level 6, -4/61 HPs)
             Began as a Demonspawn Venom Mage on Mar 8, 2021.
             Slain by a bullfrog (5 damage)
             ... in a sewer.
             The game lasted 00:15:04 (3553 turns).

Gaff the Stinger (Demonspawn Venom Mage)            Turns: 3553, Time: 00:15:04

Health: -4/61      AC: 10    Str:  8    XL:     6   Next: 12%
Magic:  11/12      EV: 12    Int: 18    God:
Gold:   96         SH:  0    Dex: 14    Spells: 12/13 levels left

rFire    + . .     SeeInvis .   r - +0 hand axe
rCold    . . .     Faith    .   (no shield)
rNeg     . . .     Spirit   .   a - +0 robe
rPois    .         Reflect  .   w - +0 helmet
rElec    .         Harm     .   j - +0 cloak
rCorr    .         Rampage  .   (no gloves)
Will     .....                  c - +1 pair of boots
Stlth    ..........             (no amulet)
HPRegen  0.20/turn              (no ring)
MPRegen  0.13/turn              (no ring)

@: berserking, flying, hasted, very quick
A: molten scales 3, powered by pain 1
a: no special abilities


You were in a sewer.
You visited 1 branch of the dungeon, and saw 3 of its levels.
You also visited: Sewer.

You collected 96 gold pieces.

Inventory:

Hand Weapons
 n - a +0 whip
 r - a +0 hand axe (weapon)
 t - a +0 dagger
Missiles
 i - 2 atropa-tipped darts
 k - 4 boomerangs
 v - 5 datura-tipped darts
Armour
 a - a +0 robe (worn)
 c - a +1 pair of boots (worn)
 j - a +0 cloak (worn)
 w - a +0 helmet (worn)
Wands
 p - a wand of random effects (23)
Scrolls
 b - a scroll of teleportation
 g - a scroll of noise
 h - 2 scrolls of identify
 o - 2 scrolls of enchant weapon
 s - 2 scrolls of amnesia
 u - a scroll of fog
Potions
 d - a potion of mutation {unknown}
 e - a potion of curing
 f - a potion of haste
 q - a potion of flight


   Skills:
 - Level 2.2 Dodging
 - Level 1.8 Stealth
 + Level 4.3 Spellcasting
 - Level 1.5 Transmutations
 + Level 4.9 Poison Magic


You had 12 spell levels left.
You knew the following spells:

 Your Spells              Type           Power      Damage    Failure   Level
a - Sting                 Tmut/Pois      60%        1d6       3%          1

Your spell library contained the following spells:

 Spells                   Type           Power      Damage    Failure   Level
 Poisonous Vapours        Pois/Air       24%        N/A       8%          2
 Ignite Poison            Fire/Tmut/Pois 11%        N/A       19%         3
 Olgreb's Toxic Radiance  Pois           21%        N/A       19%         4
 Mephitic Cloud           Conj/Pois/Air  9%         N/A       22%         3


Dungeon Overview and Level Annotations

Branches:
Dungeon (3/15)              Sewer (1/1)

Altars:

Annotations:
D:2 Natasha


Innate Abilities, Weirdness & Mutations

You are completely covered in molten scales. (AC +4, rF+)
You sometimes gain a little power by taking damage.


Message History

The bullfrog barely misses you. The bullfrog hits you.
* * * LOW HITPOINT WARNING * * *
The bullfrog misses you.
It was a potion of curing.
You feel better. The bullfrog closely misses you. The bullfrog hits you.
The bullfrog hits you but does no damage.
It was a potion of haste.
You feel yourself speed up.
The bullfrog looks more healthy.
The bullfrog closely misses you. The bullfrog hits you.
* * * LOW HITPOINT WARNING * * *
The bullfrog barely misses you. The bullfrog hits you!
* * * LOW HITPOINT WARNING * * *
You see here a leopard gecko corpse.
The bullfrog closely misses you.
The bullfrog releases a deep croak.
The bullfrog hits you but does no damage.
The bullfrog barely misses you. The bullfrog hits you.
* * * LOW HITPOINT WARNING * * *
It was a potion of berserk rage.
A red film seems to cover your vision as you go berserk!
You feel yourself moving faster!
You feel mighty!
The bullfrog hits you but does no damage. x2
You closely miss the bullfrog.
The bullfrog is moderately wounded.
You slash the bullfrog! The bullfrog closely misses you. The bullfrog hits you.
* * * LOW HITPOINT WARNING * * *
You barely miss the bullfrog.
The bullfrog is moderately wounded.
You miss the bullfrog.
The bullfrog looks more healthy.
The bullfrog hits you but does no damage.
The bullfrog barely misses you.
The bullfrog hits you but does no damage.
You closely miss the bullfrog.
The bullfrog is severely wounded.
You closely miss the bullfrog. The bullfrog hits you.
* * * LOW HITPOINT WARNING * * *
The bullfrog hits you.
You die...

#≈≈#≈≈#≈≈≈..†≈≈≈#≈≈##†#≈≈#
#≈≈#≈≈#≈≈..≈≈..≈#≈≈≈#≈#≈≈#
#††#.≈#≈≈≈≈≈≈≈≈≈#≈≈∩#†#≈≈#
#≈.#≈.##≈≈≈..≈≈##.≈≈#≈#≈≈#
#≈≈##≈≈#≈≈≈≈≈≈≈#†≈###†#≈≈#
#≈†≈#≈≈## ##.≈#≈..#≈.#
##≈≈#≈.≈## ##≈≈≈#≈.##.##
#.≈##≈≈≈#####≈≈.##≈.#≈.#
#≈.≈#≈≈≈.@F≈≈≈≈≈#≈≈.#.∩#
##≈.##.≈≈≈F≈≈≈≈##≈≈##†.#
#≈≈.##≈≈.≈≈≈≈##.≈≈#≈.##
#≈≈≈≈###≈≈≈###†≈..#≈≈#
##≈≈≈†≈#####≈≈≈.≈##∩##
##≈≈†≈≈.≈≈≈≈≈≈≈####
##≈≈≈≈≈≈≈≈≈≈≈##
###≈≈≈≈≈≈≈### #########


You could see 2 bullfrogs.

Vanquished Creatures
  An orc priest (D:3)
  Terence (D:2)
  Robin (D:2)
  7 adders
  10 oozes (Sewer)
  A worm (D:3)
  14 leopard geckos (Sewer)
  3 orcs (D:3)
  14 ball pythons
  18 giant cockroaches
  11 goblins
  9 hobgoblins
  3 kobolds
  7 bats
  9 frilled lizards
  2 rats
111 creatures vanquished.

Notes
Turn   | Place    | Note
-------+----------+-------------------------------------------
     0 | D:1      | Gaff the Demonspawn Venom Mage began the quest for the Orb.
     0 | D:1      | Reached XP level 1. HP: 13/13 MP: 3/3
   388 | D:1      | Gained mutation: You sometimes gain a little power by
                  | taking damage. [demonic ancestry]
   388 | D:1      | Reached XP level 2. HP: 19/19 MP: 3/5
  1317 | D:2      | Noticed Terence
  1418 | D:2      | Killed Terence
  1419 | D:2      | Reached skill level 1 in Transmutations
  1419 | D:2      | Gained mutation: You are partially covered in molten
                  | scales. (AC +2) [demonic ancestry]
  1419 | D:2      | Reached XP level 3. HP: 18/24 MP: 2/6
  1559 | D:2      | Noticed Natasha
  1704 | D:2      | Noticed Robin
  1991 | D:2      | Killed Robin
  1999 | D:2      | Gained mutation: You are mostly covered in molten scales.
                  | (AC +3) [demonic ancestry]
  1999 | D:2      | Reached XP level 4. HP: 28/30 MP: 1/8
  2379 | D:3      | Found a glowing drain.
  2459 | D:3      | Reached XP level 5. HP: 26/35 MP: 3/10
  2509 | Sewer    | Entered a sewer
  3407 | Sewer    | Gained mutation: You are completely covered in molten
                  | scales. (AC +4, rF+) [demonic ancestry]
  3407 | Sewer    | Reached XP level 6. HP: 40/41 MP: 10/12
  3553 | Sewer    | HP: 1/61 [bullfrog (4)]
  3553 | Sewer    | Slain by a bullfrog

Illustrated notes

Levels and vault maps discovered:
D:1:      lightli_iron_boxes, layout_basic, grunt_decor_junction
D:2:      layout_rooms, grunt_decor_clamped, uniq_natasha, uniq_terence,
          uniq_robin
D:3:      layout_basic, gup_sewer_entry_glass
Sewer:    sewer_frog_island_02

Skill      XL: |  1  2  3  4  5 |
---------------+----------------+-----
Dodging        | 2 |  2.2
Transmutations | 1 |  1.5
Spellcasting   | 3 4 |  4.3
Poison Magic   | 4 |  4.9
Stealth        | |  1.8

Action                   |  1- 3 |  4- 6 || total
-------------------------+-------+-------++-------
Melee: Unarmed           |     9 |       ||     9
       Whip              |     5 |       ||     5
       Hand axe          |     3 |    86 ||    89
 Cast: Sting             |    43 |   126 ||   169
  Use: Scroll            |       |     6 ||     6
       Potion            |       |     4 ||     4
 Stab: Sleeping          |       |     2 ||     2
Armor: Robe              |    17 |   104 ||   121
Dodge: Dodged            |    21 |   165 ||   186

Table legend: (Time is in decaauts)
 A = Elapsed time spent in this place.
 B = Non-inter-level travel time spent in this place.
 C = Inter-level travel time spent in this place.
 D = Time resting spent in this place.
 E = Time spent auto-exploring this place.
 F = Levels seen in this place.
 G = Mean time per level.
                   A        B        C        D        E       F      G
               +--------+--------+--------+--------+--------+-----+--------+
         Total |   3706 |   3618 |     88 |   1121 |   1304 |   4 |  926.5 |
       Dungeon |   2520 |   2432 |     88 |    548 |   1296 |   3 |  840.0 |
         Sewer |   1186 |   1186 |      0 |    573 |      8 |   1 | 1186.0 |
               +--------+--------+--------+--------+--------+-----+--------+

Top non-repeatable levels by time:
     D:1: 1385 daAuts
   Sewer: 1186 daAuts
     D:2: 729 daAuts
     D:3: 405 daAuts
